 Dungeon Crawl Stone Soup version 0.19.5 (webtiles) character file.

562 bobbobbob the Magician (level 7, -6/52 HPs)
             Began as a Purple Draconian Conjurer on May 13, 2017.
             Shot with an arrow by a centaur (10 damage)
             ... on level 5 of the Dungeon.
             The game lasted 00:36:24 (6080 turns).

bobbobbob the Magician (Purple Draconian Conjurer)  Turns: 6080, Time: 00:36:25

Health: -6/52      AC:  6    Str: 10    XL:     7   Next: 10%
Magic:  10/16      EV: 13    Int: 17    God:
Gold:   196        SH:  0    Dex: 14    Spells: 1 memorised, 17 levels left

rFire  . . .     SeeInvis +     (no weapon)
rCold  . . .     Gourm    .     (armour unavailable)
rNeg   . . .     Faith    .     (no shield)
rPois  .         Spirit   .     (helmet restricted)
rElec  .         Reflect  .     (no cloak)
rCorr  .         Harm     .     (no gloves)
MR     +....                    (no boots)
Stlth  ++........               (no amulet)
                                s - ring of see invisible
                                q - +2 ring of dexterity

@: no status effects
A: breathe power, unfitting armour, cold-blooded, AC +6
a: Breathe Dispelling Energy


You were on level 5 of the Dungeon.
You were not hungry.

You visited 1 branch of the dungeon, and saw 5 of its levels.

You collected 196 gold pieces.

Inventory:

Jewellery
 g - an uncursed ring of protection from magic {unknown}
 q - a +2 ring of dexterity (left hand)
 s - a ring of see invisible (right hand)
Scrolls
 c - a scroll of enchant armour {unknown}
 d - 2 scrolls of amnesia {unknown}
 e - 2 scrolls of remove curse {unknown}
 f - a scroll of recharging {unknown}
 h - a scroll of enchant weapon {unknown}
 k - a scroll of teleportation {unknown}
 n - a scroll of immolation {unknown}
 r - a scroll of random uselessness {unknown}
 t - a scroll of blinking {unknown}
Potions
 b - 2 potions of berserk rage {unknown}
 j - 2 potions of heal wounds {unknown}
 m - a potion of flight
 o - a potion of resistance {unknown}
Books
 a - a book of Conjurations

   Spells                             Type                      Level
   a - Magic Dart                     Conjuration                  1
   b - Searing Ray                    Conjuration                  2
   c - Dazzling Spray                 Conjuration/Hexes            3
   d - Fulminant Prism                Conjuration/Hexes            4
   e - Iskenderun's Mystic Blast      Conjuration                  4
   f - Iskenderun's Battlesphere      Conjuration/Charms           5
 p - a book of Air

   Spells                             Type                      Level
   a - Shock                          Conjuration/Air              1
   b - Swiftness                      Charms/Air                   2
   c - Repel Missiles                 Charms/Air                   2
   d - Static Discharge               Conjuration/Air              3
   e - Lightning Bolt                 Conjuration/Air              5
Comestibles
 i - 2 meat rations


   Skills:
 + Level 1.4 Fighting
 + Level 2.8 Dodging
 + Level 2.9 Stealth
 + Level 6.1 Spellcasting
 + Level 5.6 Conjurations


You had 17 spell levels left.
You knew the following spells:

 Your Spells              Type           Power        Failure   Level  Hunger
a - Magic Dart            Conj           ###.         1%          1    None


Dungeon Overview and Level Annotations

Branches:
Dungeon (5/15)
 Temple: D:4-7

Altars:
Ru
Yredelemnul

Shops:
D:4 [   D:5 :

Annotations:
D:3 Doomgape's ghost, amateur CeFi


Innate Abilities, Weirdness & Mutations

You can breathe bolts of dispelling energy.
Your rich purple scales are hard. (AC +6)
You cannot fit into any form of body armour.
You are cold-blooded and may be slowed by cold attacks.


Message History

Aiming: Magic Dart
Press: ? - help, Shift-Dir - straight line, f/p - centaur
Aim: a centaur, wielding a shortbow (moderately wounded)
Okay, then.
The centaur shoots an arrow.
The arrow hits you!
* * * LOW HITPOINT WARNING * * *
You see here an arrow.
The centaur shoots an arrow.
The arrow hits you but does no damage.
A jelly comes into view.
You see here an arrow.
The centaur shoots an arrow.
The arrow hits you!
* * * LOW HITPOINT WARNING * * *
You see here an arrow.
The jelly quivers.
The centaur shoots an arrow.
The arrow misses you.
The centaur shoots an arrow.
The arrow barely misses you.
You see here an arrow.
The orc shouts!
The centaur shoots an arrow.
The arrow hits you!
You die...

......#................# #..###
......#................# #......
......#..........o.....# #......
......##...........(^..####......
##########...........(...........
# .............#.......##......
#########............###(##......
(................................
#########.######@#.#.#........##
..........######(#(#............
#########...............!.#.....
### #.....#..(......#.#.##....#
..# #.##.##.###..#..#.#... ...#
#.# #.##..........c....... ...#
#.####.......###..#..###.#.
.......##.######..#........
#.####.#.............###.##


You could see a centaur and an orc.

Vanquished Creatures
  A centaur (D:5)
  A scorpion (D:5)
  2 hounds (D:4)
  An orc priest (D:3)
  A centaur skeleton (D:5)
  Ijyb (D:3)
  An iguana (D:4)
  An orc wizard (D:2)
  3 worker ants (D:4)
  Robin (D:3)
  4 adders
  A gnoll (D:1)
  An ooze (D:2)
  An adder zombie (D:5)
  An adder skeleton (D:3)
  4 worms
  3 dart slugs (D:1)
  A leopard gecko (D:2)
  7 bats
  8 giant cockroaches
  9 hobgoblins
  4 quokkas
  A ball python (D:1)
  7 frilled lizards
  16 goblins
  8 kobolds (D:1)
  10 rats
  A spectral orc (D:4)
100 creatures vanquished.

Notes
Turn   | Place    | Note
-------+----------+-------------------------------------------
     0 | D:1      | bobbobbob the Draconian Conjurer began the quest for the Orb.
     0 | D:1      | Reached XP level 1. HP: 14/14 MP: 3/3
   417 | D:1      | Reached XP level 2. HP: 15/20 MP: 0/5
   952 | D:1      | Reached XP level 3. HP: 26/26 MP: 0/6
  2790 | D:3      | Noticed Robin
  2792 | D:3      | Noticed Doomgape's ghost (amateur CeFi)
  2867 | D:3      | Reached XP level 4. HP: 33/33 MP: 6/8
  3075 | D:2      | Reached skill level 3 in Spellcasting
  3309 | D:3      | Killed Robin
  3579 | D:3      | Noticed an orc warrior
  3837 | D:3      | Reached XP level 5. HP: 33/39 MP: 1/10
  4027 | D:3      | Noticed Ijyb
  4037 | D:3      | Killed Ijyb
  4037 | D:3      | Reached skill level 5 in Conjurations
  4540 | D:4      | Reached skill level 4 in Spellcasting
  4584 | D:4      | Found a sacrificial altar of Ru.
  4600 | D:4      | Found Obuavaor's Antique Armour Shoppe.
  4616 | D:4      | Reached XP level 6. HP: 46/46 MP: 5/12
  4755 | D:4      | Found a basalt altar of Yredelemnul.
  5430 | D:5      | Entered Level 5 of the Dungeon
  5501 | D:5      | Found Lyafoc's Book Boutique.
  6023 | D:5      | Reached skill level 1 in Fighting
  6023 | D:5      | Reached skill level 5 in Spellcasting
  6023 | D:5      | Your scales start taking on a rich purple colour.
  6023 | D:5      | Reached skill level 6 in Spellcasting
  6023 | D:5      | Reached XP level 7. HP: 37/52 MP: 6/16
  6070 | D:5      | HP: 2/52 [centaur/arrow (13)]
  6080 | D:5      | Shot with an arrow by a centaur

Skill      XL: |  1  2  3  4  5  6 |
---------------+-------------------+-----
Dodging        | 2 |  2.8
Stealth        | 2 |  2.9
Spellcasting   | 3 4 6 |  6.1
Conjurations   | 5 |  5.6
Fighting       | 1 |  1.4

Action                   |  1- 3 |  4- 6 |  7- 9 || total
-------------------------+-------+-------+-------++-------
Melee: Unarmed           |     2 |       |       ||     2
       Tailslap          |     1 |       |       ||     1
 Cast: Magic Dart        |   155 |   225 |     6 ||   386
 Abil: Breathe Dispellin |       |       |     1 ||     1
  Use: Potion            |       |     3 |       ||     3
       Scroll            |       |     4 |       ||     4
  Eat: Bread ration      |     1 |     1 |       ||     2
       Pizza             |     2 |       |       ||     2
       Beef jerky        |     1 |     1 |       ||     2
       Meat ration       |       |     1 |       ||     1
Armor: Skin              |    43 |    16 |     1 ||    60
Dodge: Dodged            |   102 |    75 |     3 ||   180
